AoeStats
← roccosisteini

Highland

506333683Analyzed
2v2 RM · 20d ago on Sep 13, 2026· 34m 13s· 4 players
Game mode
Random Map
Map size
Medium (4 player)
Population
200
Speed
Normal
Resources
Standard
Victory
Conquest
Starting age
Dark Age
Ending age
Imperial Age
RankedLock teamsTeams togetherTeam positionsShared explorationLock speedFull tech treeHidden civsTurbo modeCheats
Victory
Defeat
🇨🇳 Spanish · China
668
+14
🇨🇳 Khmer · China
668
+14
🇨🇿 Japanese · Czechia
643
-14
🇫🇷 Bohemians · France
613
-21
roccosisteini
19:11 Feudal Age
17:27 Loom
20:38 Wheelbarrow
19:50 Town Watch
20:15 Horse Collar
20:27 Double-Bit Axe
23:56 Man-at-Arms
Marshall
11:46 Feudal Age
12:42 Feudal Age
12:00 Loom
14:30 Wheelbarrow
13:49 Double-Bit Axe
13:47 Horse Collar
21:49 Castle Age
20:27 Gold Mining
21:18 Stone Mining
24:22 Heavy Plow
24:37 Bow Saw
27:26 Hand Cart
27:18 Crossbowman
27:47 Gambesons
28:58 Man-at-Arms
31:15 Pikeman
32:19 Squires
33:50 Thumb Ring
1679297837
12:15 Feudal Age
18:55 Castle Age
19:08 Double-Bit Axe
19:06 Horse Collar
21:59 Heavy Plow
22:58 Bow Saw
26:20 Gold Mining
26:22 Fishing Lines
29:07 Husbandry
30:49 Wheelbarrow
30:28 Fletching
30:44 Scale Barding Armor
32:16 Bodkin Arrow
32:42 Chain Barding Armor
2205989282
8:54 Loom
12:02 Feudal Age
20:00 Castle Age
17:48 Town Watch
18:40 Wheelbarrow
18:16 Double-Bit Axe
23:09 Bloodlines
24:08 Forging
24:05 Scale Barding Armor
28:39 Bow Saw
33:34 Horse Collar
33:19 Light Cavalry
34:00 Husbandry
34:54 Iron Casting
Connection lost

Rejoining the realm…

Still unreachable

The connection could not be restored.

Session expired

The server has moved on; the page needs a fresh start.